 Dungeon Crawl Stone Soup version 0.29-a0-551-gffc1d7fb78 (webtiles) character file.

Game seed: 17304576035342413556

205 vulpzor the Gusty (level 5, 0/28 HPs)
             Began as a Tengu Air Elementalist on June 5, 2022.
             Was a Follower of Sif Muna.
             Splashed by a jelly's acid (6 damage)
             ... on level 4 of the Dungeon.
             The game lasted 00:20:26 (2861 turns).

vulpzor the Gusty (Tengu Air Elementalist)          Turns: 2861, Time: 00:20:36

Health: 0/28       AC:  0    Str:  9    XL:     5   Next: 83%
Magic:  1/10       EV: 19    Int: 15    God:    Sif Muna [*.....]
Gold:   87         SH:  0    Dex: 16    Spells: 4/10 levels left

rFire   . . .      SeeInvis .     - Unarmed
rCold   . . .      Faith    .   (no shield)
rNeg    . . .      Spirit   .   a - +0 robe
rPois   .          Reflect  .   (helmet restricted)
rElec   .          Harm     .   m - +1 cloak
rCorr   .          Rampage  .   (no gloves)
Will    .....                   (boots unavailable)
Stlth   ++........              e - amulet of regeneration
HPRegen 0.89/turn               c - +4 ring of evasion
MPRegen 0.12/turn               (no ring)

@: corroded, flying quickly and evasively, quick
A: beak, talons 3, nimble flight
a: Renounce Religion, Channel Magic


You were on level 4 of the Dungeon.
You worshipped Sif Muna.
Sif Muna was aware of your devotion.
You visited 1 branch of the dungeon, and saw 4 of its levels.

You collected 177 gold pieces.
You spent 90 gold pieces at shops.

Inventory:

Armour
 a - a +0 robe (worn)
 k - a +0 pair of boots
 m - a +1 cloak (worn)
 s - a +1 pair of boots
Jewellery
 c - a +4 ring of evasion (left hand)
 e - an amulet of regeneration (around neck)
Wands
 o - a wand of flame (1)
Scrolls
 f - a scroll of fear {unknown}
 i - a scroll of immolation {unknown}
 j - a scroll of teleportation {unknown}
 p - a scroll of enchant armour
 q - 2 scrolls of poison {unknown}
 r - a scroll of identify
Potions
 b - a potion of magic
 d - a potion of brilliance
 g - 2 potions of curing
 h - a potion of heal wounds {unknown}
 l - 2 potions of mutation {unknown}
 n - a potion of lignification


   Skills:
 + Level 0.3 Fighting
 + Level 2.7 Dodging
 + Level 2.5 Stealth
 + Level 1.2 Unarmed Combat
 + Level 3.3 Spellcasting
 + Level 3.3 Conjurations
 + Level 5.5 Air Magic


You had 4 spell levels left.
You knew the following spells:

 Your Spells              Type           Power      Damage    Failure   Level
a - Shock                 Conj/Air       60%        1d6       3%          1
b - Static Discharge      Conj/Air       15%        N/A       4%          2
c - Swiftness             Air            19%        N/A       6%          3

Your spell library contained the following spells:

 Spells                   Type           Power      Damage    Failure   Level
 Beastly Appendage        Tmut           4%         N/A       21%         1
 Airstrike                Air            9%         N/A       21%         4
 Wereblood                Tmut           2%         N/A       30%         2
 Spider Form              Tmut/Pois      2%         N/A       52%         3


Dungeon Overview and Level Annotations

Branches:
Dungeon (4/15)
 Temple: D:4-7

Altars:
Sif Muna

Shops:
D:2 !


Innate Abilities, Weirdness & Mutations

You have a beak for a mouth.
You have claws for feet.
Your magical nature lets you fly swiftly and evasively.


Message History

The jelly is moderately wounded.
The lightning grounds out.
The jelly hits you but does no damage. The jelly misses you.
Casting: Static Discharge (safe; 4% risk of failure)
Confirm with . or Enter, or press ? or * to list all spells.
The jelly is struck by an arc of lightning.
The jelly is moderately wounded.
You are struck by an arc of lightning.
The lightning grounds out.
The jelly misses you. The jelly hits you but does no damage.
The zap hits the jelly.
The jelly is almost dead.
The jelly closely misses you. The jelly hits you but does no damage.
Casting: Shock (safe; 3% risk of failure)
Confirm with . or Enter, or press ? or * to list all spells.
The jelly is struck by an arc of lightning.
The jelly is heavily wounded.
The lightning grounds out.
The jelly closely misses you. The jelly completely misses you.
Unknown command.
Casting: Static Discharge (safe; 4% risk of failure)
Confirm with . or Enter, or press ? or * to list all spells.
You don't have enough magic to cast this spell.
You hit the jelly but do no damage. The acid corrodes you!
Your hands burn!
You claw the jelly, but do no damage.
The jelly is almost dead.
The jelly completely misses you. x2
You barely miss the jelly. You peck the jelly, but do no damage.
The jelly is almost dead.
The jelly barely misses you. The jelly hits you.
You are splashed with acid!
You hit the jelly but do no damage.
Your hands burn!
The jelly is almost dead.
The jelly barely misses you. The jelly misses you.
You hit the jelly but do no damage.
Your hands burn!
* * * LOW HITPOINT WARNING * * *
Your kick misses the jelly. You peck the jelly, but do no damage.
The jelly is almost dead.
The jelly hits you.
* * * LOW HITPOINT WARNING * * *
You are splashed with acid.
You die...

+.##...........
#..####.....##.... #..
##.......##..###
#..##......>).......
+..+................
#..#................
#..#................
#..##.##.[..........
#'.J@†............
#.....#.J..............
#.....#................
+##+###...##...........
#....##...#..#####
.....########..#
...#.## ..# ....#. ...
..# .. ...


You could see 2 jellies.

Vanquished Creatures
  A hound (D:4)
  Ijyb (D:3)
  Robin (D:3)
  3 gnolls (D:3)
  3 adders
  2 worms (D:2)
  4 dart slugs
  An orc (D:4)
  5 ball pythons
  2 bats
  8 endoplasms
  2 giant cockroaches
  12 goblins
  7 hobgoblins
  4 jackals (D:2)
  2 quokkas
  A frilled lizard (D:1)
  A kobold (D:3)
  3 rats
63 creatures vanquished.

Vanquished Creatures (collateral kills)
  A kobold (D:1)
1 creature vanquished.

Grand Total: 64 creatures vanquished

Notes
Turn   | Place    | Note
-------+----------+-------------------------------------------
     0 | D:1      | vulpzor the Tengu Air Elementalist began the quest for the
                  | Orb.
     0 | D:1      | Reached XP level 1. HP: 10/10 MP: 4/4
   149 | D:1      | Reached XP level 2. HP: 14/15 MP: 0/6
   614 | D:1      | Reached XP level 3. HP: 19/19 MP: 7/7
   929 | D:2      | Found Muun's Distillery.
   939 | D:2      | Bought a potion of curing for 30 gold pieces
  1102 | D:2      | Learned a level 2 spell: Static Discharge
  1106 | D:2      | Learned a level 3 spell: Swiftness
  1878 | D:2      | Bought a potion of curing for 30 gold pieces
  1878 | D:2      | Bought a potion of lignification for 30 gold pieces
  1928 | D:3      | Noticed Ijyb
  1948 | D:3      | Killed Ijyb
  1949 | D:3      | Reached XP level 4. HP: 15/24 MP: 1/9
  2024 | D:3      | Found a shimmering blue altar of Sif Muna.
  2061 | D:3      | Became a worshipper of Sif Muna the Loreminder
  2110 | D:3      | Reached skill level 5 in Air Magic
  2112 | D:3      | Reached skill level 1 in Unarmed Combat
  2118 | D:3      | Noticed Robin
  2223 | D:3      | Killed Robin
  2224 | D:3      | Gained mutation: Your magical nature lets you fly swiftly
                  | and evasively. [Tengu growth]
  2224 | D:3      | Reached XP level 5. HP: 28/28 MP: 1/10
  2328 | D:3      | Found a faded altar of an unknown god.
  2576 | D:3      | Reached * piety under Sif Muna
  2861 | D:4      | Splashed by a jelly's acid

Illustrated notes

Levels and vault maps discovered:
D:1:      beargit_arrival_greenhouse, layout_loops_ring
D:2:      layout_basic, serial_shops, nicolae_shop_crystal,
          minmay_misc_feat_tiny
D:3:      layout_rooms, nicolae_sif_muna_condensation,
          shapermc_ecumenical_altar_notcrosses, uniq_ijyb, uniq_robin
D:4:      layout_rooms, kiku_gazebo_garden_becter, mainiacjoe_overflow_24_doors,
          mainiacjoe_overflow_catwalk, minmay_crystal_water, uniq_eustachio,
          uniq_grinder, uniq_pikel

Skill      XL: |  1  2  3  4  5 |
---------------+----------------+-----
Conjurations   | 2 3 |  3.3
Air Magic      | 5 |  5.5
Unarmed Combat | 1 |  1.2
Spellcasting   | 3 |  3.3
Fighting       | |  0.3
Dodging        | |  2.7
Stealth        | |  2.5

Action                   |  1- 3 |  4- 6 || total
-------------------------+-------+-------++-------
Melee: Unarmed           |    90 |    30 ||   120
       Kick              |    31 |     8 ||    39
       Peck              |    17 |     6 ||    23
       Punch             |     2 |       ||     2
 Cast: Shock             |    57 |    67 ||   124
       Static Discharge  |     1 |     3 ||     4
  Use: Scroll            |     5 |     1 ||     6
       Potion            |     2 |       ||     2
 Stab: Sleeping          |     2 |       ||     2
Armor: Robe              |    16 |     8 ||    24
Dodge: Dodged            |    89 |    46 ||   135

Table legend: (Time is in decaauts)
 A = Elapsed time spent in this place.
 B = Non-inter-level travel time spent in this place.
 C = Inter-level travel time spent in this place.
 D = Time resting spent in this place.
 E = Time spent auto-exploring this place.
 F = Levels seen in this place.
 G = Mean time per level.
                   A        B        C        D        E       F      G
               +--------+--------+--------+--------+--------+-----+--------+
         Total |   2820 |   2820 |      0 |    117 |   1353 |   4 |  705.0 |
       Dungeon |   2820 |   2820 |      0 |    117 |   1353 |   4 |  705.0 |
               +--------+--------+--------+--------+--------+-----+--------+

Top non-repeatable levels by time:
     D:2: 1068 daAuts
     D:1: 913 daAuts
     D:3: 754 daAuts
     D:4: 84 daAuts
